 Dungeon Crawl Stone Soup version 0.23.2-1-ga50397a6bc (webtiles) character file.

Game seed: 9032606060528891911

36 Andrea the Cudgeler (level 3, 0/29 HPs)
             Began as a Demonspawn Chaos Knight on May 5, 2019.
             Was a Plaything of Xom.
             Slain by Sigmund
             ... wielding a +0 scythe
              (9 damage)
             ... on level 2 of the Dungeon.
             The game lasted 00:02:44 (1110 turns).

Andrea the Cudgeler (Demonspawn Chaos Knight)       Turns: 1110, Time: 00:02:45

Health: 0/29       AC: 10    Str: 12 (13) XL:     3   Next: 19%
Magic:  3/3        EV:  5    Int: 11 (13) God:    Xom [...*..]
Gold:   85         SH:  0    Dex:  9 (12) Spells: 2/2 levels left

rFire    . . .     SeeInvis .   a - +0 mace (chaos)
rCold    . . .     Gourm    .   (no shield)
rNeg     . . .     Faith    .   p - +0 chain mail
rPois    .         Spirit   .   (no helmet)
rElec    .         Reflect  .   d - +1 cloak
rCorr    .         Harm     .   (no gloves)
MR       .....                  (no boots)
Stlth    ..........             (no amulet)
HPRegen  0.09/turn              (no ring)
MPRegen  0.08/turn              (no ring)

@: berserk cooldown, slowed, very slow
A: talons 1, spiny 1
a: Renounce Religion


You were on level 2 of the Dungeon.
You worshipped Xom.
You were a favourite toy of Xom.
You were hungry.

You visited 1 branch of the dungeon, and saw 2 of its levels.

You collected 85 gold pieces.

Inventory:

Hand Weapons
 a - a +0 mace of chaos (weapon)
Missiles
 o - 7 javelins (quivered)
Armour
 d - a +1 cloak (worn)
 p - a +0 chain mail (worn)
Scrolls
 e - 3 scrolls of enchant weapon {unknown}
 g - a scroll of amnesia {unknown}
 h - a scroll of random uselessness {unknown}
 j - a scroll of remove curse {unknown}
 k - a scroll of teleportation {unknown}
 m - 4 scrolls of identify {unknown}
Potions
 i - 2 potions of flight {unknown}
 l - a potion of haste {unknown}
Comestibles
 c - 4 rations


   Skills:
 + Level 3.4 Fighting
 * Level 3.6 Maces & Flails
 - Level 1.7 Armour
 - Level 0.8 Dodging


You had 2 spell levels left.
You didn't know any spells.
Your spell library was empty.

Dungeon Overview and Level Annotations

Branches:
Dungeon (2/15)

Altars:
Gozag
Xom

Annotations:
D:2 Sigmund


Innate Abilities, Weirdness & Mutations

You have sharp toenails.
You are partially covered in sharp spines.


Message History

Sigmund is struck by your spines. Sigmund hits you but does no damage.
Sigmund says, "Your kind have come here before.
I understand now why.
You desire death..."
Sigmund hits you but does no damage.
You closely miss Sigmund. Your kick misses Sigmund.
Sigmund is moderately wounded.
Sigmund closely misses you.
You closely miss Sigmund.
Sigmund is moderately wounded.
Sigmund hits you with a +0 scythe.
You hit Sigmund but do no damage. You claw Sigmund.
Sigmund is heavily wounded.
Xom titters.
Sigmund looks rather confused.
Sigmund is struck by your spines. Sigmund barely misses you.
You hit Sigmund.
Sigmund is moving more slowly.
You claw Sigmund, but do no damage.
Sigmund is heavily wounded.
Sigmund hits you with a +0 scythe!
You die...
Xom snickers!

.....# #.##..## #%#
.. .#...## #.
#...####)# #...
......###.
##).)..#.##.....
.......##.
#.###......#
.......##. #.#
##..#### .......##.
#.# #..# .......##.
#.####..# .#.........
#...#@..#
######......##..@...#
##..#.....##...#
..#...#$##..$$$.#
#.......##.#$_$.#
#..###...#.#$$$... #.
##.........## .
.....##.#..# .).#....
.## #..##.#.#.


You could see Sigmund (petrifying).

Vanquished Creatures
  2 worms (D:2)
  2 giant cockroaches (D:2)
  4 goblins
  3 hobgoblins (D:1)
  3 jackals (D:2)
  4 kobolds
  4 bats
  2 frilled lizards
  2 rats
26 creatures vanquished.

Notes
Turn   | Place    | Note
-------+----------+-------------------------------------------
     0 | D:1      | Andrea the Demonspawn Chaos Knight began the quest for the
                  | Orb.
     0 | D:1      | Reached XP level 1. HP: 18/18 MP: 1/1
   111 | D:1      | XOM: potion effect (berserk rage)
   187 | D:1      | Gained mutation: You are partially covered in sharp spines.
                  | [demonic ancestry]
   187 | D:1      | Reached XP level 2. HP: 24/24 MP: 2/2
   409 | D:1      | XOM: scenery: create altars
   900 | D:2      | XOM: mild Chrm miscast
  1052 | D:2      | Found an opulent altar of Gozag.
  1064 | D:2      | Gained mutation: You have sharp toenails. [demonic
                  | ancestry]
  1064 | D:2      | Reached XP level 3. HP: 29/29 MP: 3/3
  1082 | D:2      | Noticed Sigmund
  1109 | D:2      | XOM: confuse monster(s)
  1110 | D:2      | Slain by Sigmund

Skill      XL: |  1 |
---------------+----+-----
Maces & Flails | 3 |  3.6
Fighting       | |  3.4
Armour         | |  1.7
Dodging        | |  0.8

Action                   || total
-------------------------++-------
Melee: Mace              ||    68
       Kick              ||     6
  Use: Potion            ||     2
 Stab: Paralysed         ||     1
Armor: Leather armour    ||    18
       Chain mail        ||    20
Dodge: Dodged            ||    26
